 Dungeon Crawl Stone Soup version 0.20.1-1-g8b1a95d (webtiles) character file.

219 Mesmaeker13 the Charmwright (level 5, -1/41 HPs)
             Began as a Demigod Skald on Sept 1, 2017.
             Slain by Blork the orc
             ... wielding a +2 battleaxe of electrocution
              (8 damage)
             ... on level 3 of the Dungeon.
             The game lasted 00:07:04 (4819 turns).

Mesmaeker13 the Charmwright (Demigod Skald)         Turns: 4819, Time: 00:07:05

Health: -1/41      AC:  4    Str: 16    XL:     5   Next: 36%
Magic:  10/10      EV: 13    Int: 17    God:
Gold:   105        SH:  0    Dex: 15    Spells: 2/7 levels left

rFire    . . .     SeeInvis .   a - +0 mace
rCold    . . .     Gourm    .   (no shield)
rNeg     . . .     Faith    .   b - +0 leather armour
rPois    .         Spirit   .   l - +0 helmet
rElec    .         Reflect  .   (no cloak)
rCorr    .         Harm     .   (no gloves)
MR       .....                  (no boots)
Stlth    +.........             (no amulet)
Regen    0.2/turn               (no ring)
MPRegen  0.2/turn               (no ring)

@: no status effects
A: high mp 1
a: no special abilities


You were on level 3 of the Dungeon.
You were hungry.

You visited 1 branch of the dungeon, and saw 4 of its levels.

You collected 105 gold pieces.

Inventory:

Hand Weapons
 a - a +0 mace (weapon)
Armour
 b - a +0 leather armour (worn)
 g - a +0 ring mail
 l - a +0 helmet (worn)
Scrolls
 e - 3 scrolls of remove curse
 h - a scroll of enchant armour
 i - 2 scrolls of identify
 n - a scroll of blinking {unknown}
Potions
 j - a potion of haste {unknown}
 k - a potion of degeneration {unknown}
Books
 c - a book of Battle

   Spells                             Type                      Level
   a - Infusion                       Charms                       1
   b - Shroud of Golubria             Charms/Translocation         2
   c - Song of Slaying                Charms                       2
   d - Spectral Weapon                Hexes/Charms                 3
   e - Regeneration                   Charms/Necromancy            3
Comestibles
 d - 5 bread rations
 f - a meat ration


   Skills:
 - Level 1.7 Fighting
 + Level 3.1 Maces & Flails
 - Level 0.8 Armour
 + Level 3.1 Dodging
 - Level 1.7 Spellcasting
 + Level 3.7 Charms
 + Level 2.0 Translocations


You had 2 spell levels left.
You knew the following spells:

 Your Spells              Type           Power        Failure   Level  Hunger
a - Infusion              Chrm           ##..         5%          1    #......
b - Shroud of Golubria    Chrm/Tloc      ##........   11%         2    ###....
c - Song of Slaying       Chrm           ##......     8%          2    ###....


Dungeon Overview and Level Annotations

Branches:
Dungeon (4/15)
 Temple: D:4-7

Annotations:
D:3 Blork the orc; MRnk1998's ghost, amateur DsAK


Innate Abilities, Weirdness & Mutations

You have an increased reservoir of magic. (+10% MP)


Message History

Blork the orc appears from thin air!
Reactivating autopickup.
Blork the orc begins to cast a cantrip, but forgets the words!
Blork the orc casts a spell at you. The puff of flame misses you.
Blork the orc hits you with a battleaxe of electrocution!
A rat comes into view.
Blork the orc hits you with a battleaxe of electrocution!
You closely miss the rat.
Blork the orc is no longer moving quickly.
Blork the orc closely misses you. The rat misses you.
Blork the orc barely misses you.
You barely miss the rat. The rat barely misses you.
Blork the orc complains to no one in particular.
Blork the orc barely misses you.
You closely miss the rat. The rat barely misses you.
Blork the orc hits you with a battleaxe of electrocution!
* * * LOW HITPOINT WARNING * * *
You are electrocuted!
You die...

####..# #...# #.....# #
###.#.# #.##..# #.##...#..
#.##..# #..<.##### #.##..#
####...#..
#.##..########.#.#
#.##.............#
#r#####...######## #@#
#E#...#E# #. #o#####...####
#. #O##.........## #.
#.##...._.....###.
#.##..............
####.#####...#######. ###
##....# #E#...#E# #.
..##########.....#####...###
#.
....[....##.......##.####.
..


You could see Blork the orc, an ogre and a rat.

Vanquished Creatures
  A crimson imp (D:3)
  An iguana (D:3)
  A hound skeleton (D:4)
  5 adders
  2 worms (D:2)
  4 dart slugs
  3 leopard geckos
  3 ball pythons
  A giant cockroach (D:1)
  16 goblins
  5 hobgoblins
  12 jackals
  8 kobolds
  2 quokkas
  7 bats
  5 frilled lizards
  6 rats
82 creatures vanquished.

Notes
Turn   | Place    | Note
-------+----------+-------------------------------------------
     0 | D:1      | Mesmaeker13 the Demigod Skald began the quest for the Orb.
     0 | D:1      | Reached XP level 1. HP: 17/17 MP: 5/5
   247 | D:1      | Reached XP level 2. HP: 9/24 MP: 0/7
   901 | D:1      | You fall through a shaft!
   914 | D:2      | Learned a level 2 spell: Shroud of Golubria
  1406 | D:2      | Reached XP level 3. HP: 29/29 MP: 8/8
  2609 | D:2      | Reached skill level 1 in Translocations
  2645 | D:2      | Learned a level 2 spell: Song of Slaying
  2677 | D:1      | Reached XP level 4. HP: 33/36 MP: 4/9
  2987 | D:2      | Found a glowing golden altar of the Shining One.
  3273 | D:2      | Found a faded altar of an unknown god.
  3346 | D:2      | Found a glowing silver altar of Zin.
  3542 | D:3      | Noticed MRnk1998's ghost (amateur DsAK)
  3720 | D:3      | Found a stormy altar of Qazlal.
  3721 | D:3      | Noticed an air elemental
  3722 | D:3      | Noticed a water elemental
  3723 | D:3      | Noticed an earth elemental
  3723 | D:3      | Noticed a fire elemental
  3744 | D:3      | You fall through a shaft!
  4141 | D:3      | Reached XP level 5. HP: 40/41 MP: 4/10
  4705 | D:3      | Noticed an ogre
  4742 | D:4      | Noticed Blork the orc
  4819 | D:3      | Slain by Blork the orc

Skill      XL: |  1  2  3  4  5 |
---------------+----------------+-----
Maces & Flails | 2 3 |  3.1
Dodging        | 2 3 |  3.1
Charms         | 3 |  3.7
Translocations | 1 2 |  2.0
Fighting       | |  1.7
Armour         | |  0.8
Spellcasting   | |  1.7

Action                   |  1- 3 |  4- 6 || total
-------------------------+-------+-------++-------
Melee: Mace              |   181 |   116 ||   297
 Cast: Infusion          |    16 |     8 ||    24
       Shroud of Golubri |     5 |     6 ||    11
  Use: Scroll            |     3 |       ||     3
       Potion            |       |     1 ||     1
 Stab: Sleeping          |     1 |     2 ||     3
  Eat: Chunk             |     6 |     7 ||    13
Armor: Leather armour    |    64 |    33 ||    97
Dodge: Dodged            |   183 |   114 ||   297
